 Dungeon Crawl Stone Soup version 0.20-a0-432-g25cc1b4 (webtiles) character file.

133 Amnesiac the Vexing (level 4, -2/30 HPs)
             Began as a Mummy Enchanter on Jan 3, 2017.
             Slain by a rat (3 damage)
             ... in a sewer.
             The game lasted 00:04:48 (2425 turns).

Amnesiac the Vexing (Mummy Enchanter)               Turns: 2425, Time: 00:04:49

Health: -2/30      AC:  2    Str: 11    XL:     4   Next: 94%
Magic:  1/10       EV: 12    Int: 14    God:
Gold:   45         SH:  0    Dex: 13    Spells: 4/11 levels left

rFire  x . .     SeeInvis .     e - +0 dagger (venom)
rCold  + . .     Gourm    .     b - +0 robe
rNeg   + + +     Faith    .     (no shield)
rPois  ∞         Spirit   .     (no helmet)
rElec  .         Reflect  .     (no cloak)
rCorr  .         Harm     .     (no gloves)
MR     .....                    (no boots)
Stlth  ++........               (no amulet)
                                (no ring)
                                d - ring of flight

@: no status effects
A: no food or potions, fire vulnerability, cold resistance 1, negative energy
resistance 3, torment resistance, unbreathing
a: Evoke Flight


You were in a sewer.
You were not hungry.

You visited 1 branch of the dungeon, and saw 3 of its levels.
You also visited: Sewer.

You collected 45 gold pieces.

Inventory:

Hand Weapons
 e - a +0 dagger of venom (weapon)
Armour
 b - a +0 robe (worn)
Jewellery
 d - a ring of flight (left hand)
 g - an uncursed amulet of rage {unknown}
Scrolls
 a - 5 scrolls of remove curse {unknown}
 f - 3 scrolls of identify {unknown}
 h - a scroll of enchant weapon {unknown}
 i - a scroll of teleportation {unknown}
Books
 c - a book of Maledictions

   Spells                             Type                      Level
   a - Corona                         Hexes                        1
   b - Ensorcelled Hibernation        Hexes/Ice                    2
   c - Confuse                        Hexes                        3
   d - Tukima's Dance                 Hexes                        3
   e - Dazzling Spray                 Conjuration/Hexes            3


   Skills:
 - Level 0.7 Short Blades
 - Level 1.5 Dodging
 - Level 2.4 Stealth
 + Level 4.2 Spellcasting
 * Level 4.4 Hexes


You had 4 spell levels left.
You knew the following spells:

 Your Spells              Type           Power        Failure   Level  Hunger
e - Confuse               Hex            ###.....     10%         3    N/A
f - Corona                Hex            ###....      2%          1    N/A
w - Tukima's Dance        Hex            ###.....     10%         3    N/A

Dungeon Overview and Level Annotations

Branches:
Dungeon (3/15)

Altars:


Innate Abilities, Weirdness & Mutations

You do not eat or drink.
Your flesh is vulnerable to fire.
You are immune to poison.
Your flesh is cold resistant. (rC+)
You are immune to negative energy. (rN+++)
You are immune to unholy pain and torment.
You can survive without breathing.


Message History

Press: ? - help, Shift-Dir - straight line, f/p - river rat
Aim: a river rat (chance to defeat MR: 54%)
The river rat resists with significant effort.
The river rat bites you. The ooze hits you.
* * * LOW HITPOINT WARNING * * *
The rat barely misses you.
Casting: Confuse
Confirm with . or Enter, or press ? or * to list all spells.
Aiming: Confuse
Press: ? - help, Shift-Dir - straight line, f/p - river rat
Aim: a river rat (chance to defeat MR: 54%)
The river rat appears confused.
The ooze hits you.
* * * LOW HITPOINT WARNING * * *
You completely miss the river rat. The ooze misses you. The rat misses you.
The rat bites you.
* * * LOW HITPOINT WARNING * * *
You hit the ooze but do no damage. The ooze hits you.
* * * LOW HITPOINT WARNING * * *
The rat misses you. The rat closely misses you. The rat bites you.
You die...

##### .#.!# ....#
...## ....# #≈#
.)).# #≈#≈#
#(####≈#≈#≈###+###
..≈≈≈≈≈≈≈≈≈≈≈..rr#
...≈≈≈≈≈≈≈≈≈≈r.r@#
...≈≈≈≈≈≈≈≈....J##
...≈≈≈≈≈≈≈≈#....#
...≈≈≈≈≈≈≈##....#
...≈≈≈≈≈≈≈#.....#
...≈≈≈≈≈≈≈......#
..≈≈≈≈≈≈≈.≈....##
..≈.≈≈≈≈≈≈....##
....≈≈≈≈≈.....#


You could see an ooze, a river rat (confused) and 3 rats.

Vanquished Creatures
  2 adders (Sewer)
  6 river rats (Sewer)
  An ooze (Sewer)
  2 dart slugs (D:1)
  A leopard gecko (D:3)
  5 bats (D:1)
  9 giant cockroaches
  2 goblins
  2 hobgoblins
  4 jackals (D:1)
  10 kobolds
  3 ball pythons
  11 rats
58 creatures vanquished.

Notes
Turn   | Place    | Note
-------+----------+-------------------------------------------
     0 | D:1      | Amnesiac the Mummy Enchanter began the quest for the Orb.
     0 | D:1      | Reached XP level 1. HP: 13/13 MP: 4/4
   306 | D:1      | Reached XP level 2. HP: 9/19 MP: 1/6
   911 | D:1      | Reached XP level 3. HP: 21/24 MP: 7/7
   919 | D:1      | Learned a level 3 spell: Confuse
   923 | D:1      | Learned a level 3 spell: Tukima's Dance
  1320 | D:3      | Found a glowing drain.
  1344 | Sewer    | Entered a sewer
  1669 | Sewer    | Reached XP level 4. HP: 17/30 MP: 9/9
  2425 | Sewer    | HP: 1/30 [ooze (2)]
  2425 | Sewer    | Slain by a rat

Vault maps used:
D:1:      minmay_arrival_plants_in_alcoves
D:2:      kennysheep_goblin_castle, nicolae_overflow_crystal_walls
D:3:      portal_sewer_entry_f, chequers_ecumenical_altar_lobes,
          minmay_checkerbox
Sewer:    sewer_minmay_treatment

Skill      XL: |  1  2  3  4 |
---------------+-------------+-----
Hexes          | 3 4 |  4.4
Spellcasting   | 3 4 |  4.2
Short Blades   | |  0.7
Dodging        | |  1.5
Stealth        | |  2.4

Action                   |  1- 3 |  4- 6 || total
-------------------------+-------+-------++-------
Melee: Dagger            |   139 |    72 ||   211
 Cast: Corona            |     8 |       ||     8
       Confuse           |     2 |     5 ||     7
 Stab: Sleeping          |     5 |     1 ||     6
       Confused          |       |     1 ||     1
Armor: Robe              |    26 |     4 ||    30
Dodge: Dodged            |   101 |    69 ||   170
